 Dungeon Crawl Stone Soup version 0.29.1-15-g9cfb28693d (webtiles) character file.

Game seed: 6025123606692698863

273 Lolow the Conjurer (level 6, -4/43 HPs)
             Began as a Human Conjurer on May 16, 2023.
             Was an Initiate of the Shining One.
             Slain by a worm (10 damage)
             ... on level 5 of the Dungeon.
             The game lasted 00:26:32 (4464 turns).

Lolow the Conjurer (Human Conjurer)                 Turns: 4464, Time: 00:26:33

Health: -4/43      AC:  2    Str:  9    XL:     6   Next: 48%
Magic:  10/12      EV: 12    Int: 24    God:    the Shining One [......]
Gold:   186        SH:  0    Dex: 12    Spells: 5/13 levels left

rFire   . . .      SeeInvis .   j - +1 dagger (venom)
rCold   . . .      Faith    .   (no shield)
rNeg    . . .      Spirit   .   a - +0 robe
rPois   +          Reflect  .   (no helmet)
rElec   .          Harm     .   l - scarf {repulsion}
rCorr   .          Rampage  .   (no gloves)
Will    .....                   (no boots)
Stlth   +.........              (no amulet)
HPRegen 0.14/turn               o - +6 ring of intelligence
MPRegen 0.13/turn               q - ring of poison resistance

@: glowing, repel missiles
A: no striking features
a: Renounce Religion


You were on level 5 of the Dungeon.
You worshipped the Shining One.
The Shining One was noncommittal.
You visited 1 branch of the dungeon, and saw 5 of its levels.

You collected 186 gold pieces.

Inventory:

Hand Weapons
 b - a +0 dagger of draining
 e - a +0 whip
 f - a +0 dagger
 g - a +0 vampiric short sword
 j - a +1 dagger of venom (weapon)
 k - a +0 sling
Missiles
 m - 5 poisoned darts
Armour
 a - a +0 robe (worn)
 d - a +0 pair of boots
 l - a scarf of repulsion (worn)
 r - a +0 pair of boots
Jewellery
 o - a +6 ring of intelligence (left hand)
 q - a ring of poison resistance (right hand)
Wands
 p - a wand of flame (13)
 t - a wand of roots (13)
Scrolls
 c - a scroll of torment
 h - 2 scrolls of teleportation
 i - 4 scrolls of fog


   Skills:
 + Level 1.2 Fighting
 + Level 0.6 Short Blades
 + Level 2.7 Dodging
 + Level 3.0 Stealth
 + Level 4.0 Spellcasting
 + Level 4.9 Conjurations


You had 5 spell levels left.
You knew the following spells:

 Your Spells              Type           Power      Damage    Failure   Level
a - Magic Dart            Conj           100%       1d8       1%          1
b - Searing Ray           Conj           56%        2d6       1%          2
c - Dazzling Flash        Conj/Hex       32%        N/A       11%         3
d - Blink                 Tloc           8%         N/A       14%         2

Your spell library contained the following spells:

 Spells                   Type           Power      Damage    Failure   Level
 Gell's Gravitas          Tloc           4%         N/A       28%         3
 Lesser Beckoning         Tloc           4%         N/A       28%         3
 Summon Guardian Golem    Hex/Summ       4%         N/A       28%         3
 Teleport Other           Tloc           4%         N/A       28%         3
 Fulminant Prism          Conj/Hex       8%         3d7       34%         4
 Iskenderun's Mystic Bla  Conj/Tloc      16%        2d5       34%         4
 Manifold Assault         Tloc           4%         N/A       95%         5
 Malign Gateway           Summ/Tloc      2%         N/A       100%        7
 Orb of Destruction       Conj           14%        9d7       100%        7
 Spellforged Servitor     Conj/Summ      8%         N/A       100%        7
 Storm Form               Tmut/Air       2%         N/A       100%        7
 Summon Horrible Things   Summ           2%         N/A       100%        8


Dungeon Overview and Level Annotations

Branches:
Dungeon (5/15)
 Temple: D:4-7

Altars:
The Shining One

Annotations:
D:2 Sigmund
D:4 Menkaure


Message History

* * * LOW HITPOINT WARNING * * *
The hound bites you but does no damage.
Menkaure sighs a few words.
The hound closely misses you. The hound misses you.
You barely miss the hound.
The hound is heavily wounded.
The hound closely misses you. The hound barely misses you.
The hound attacks as you move away! The hound bites you but does no damage.
The hound stops to sniff the ground.
The hound bites you.
* * * LOW HITPOINT WARNING * * *
Menkaure calls on the powers of darkness!
The hound convulses!
Your body is wracked with pain!
* * * LOW HITPOINT WARNING * * *
The hound closely misses you.
Menkaure calls on the powers of darkness!
The hound convulses!
Your body is wracked with pain!
* * * LOW HITPOINT WARNING * * *
It was a potion of curing.
You feel better. The hound barely misses you. The hound bites you.
* * * LOW HITPOINT WARNING * * *
The hound attacks as you move away! The hound misses you.
The hound closely misses you.
Menkaure calls on the powers of darkness!
The hound convulses!
Your body is wracked with pain!
* * * LOW HITPOINT WARNING * * *
The hound attacks as you move away! The hound closely misses you.
The hound barely misses you.
There is a stone staircase leading down, spattered with blood here.
You can't go up here!
The hound bites you.
* * * LOW HITPOINT WARNING * * *
Menkaure whispers, "Let me perform the rites..."
The hound completely misses you.
You climb downwards.
The hound closely misses you. The hound bites you but does no damage.
A centaur comes into view.
The worm bites you!
You die...

### .... .
###..###... #
..#.......#. .#
.(.....!...#...
.#..........<..
..............#
.......wh.....#
#....@h....#
#..$.......#
#....#........
#.......#......
..... .#.......
......# .......
.... . . ....#
c..... .##.###


You could see a centaur, a worm and 2 hounds.

Vanquished Creatures
  An orc priest (D:4)
  2 orc wizards (D:3)
  Natasha (thrice) (D:3)
  4 adders
  2 worms (D:2)
  A dart slug (D:1)
  8 orcs
  7 ball pythons
  An endoplasm (D:1)
  3 giant cockroaches
  5 goblins (D:1)
  6 hobgoblins
  2 jackals (D:3)
  6 kobolds
  5 quokkas
  5 bats
  A frilled lizard (D:1)
  7 rats
69 creatures vanquished.

Notes
Turn   | Place    | Note
-------+----------+-------------------------------------------
     0 | D:1      | Lolow the Human Conjurer began the quest for the Orb.
     0 | D:1      | Reached XP level 1. HP: 13/13 MP: 3/3
    95 | D:1      | Reached XP level 2. HP: 18/19 MP: 1/5
   597 | D:1      | Learned a level 2 spell: Searing Ray
   602 | D:1      | Reached XP level 3. HP: 25/25 MP: 2/6
  1566 | D:2      | Identified the +3 leather armour of Loss {+Inv rC+}
  1779 | D:2      | Reached XP level 4. HP: 26/31 MP: 7/7
  2286 | D:2      | Reached skill level 1 in Fighting
  2458 | D:2      | Noticed Sigmund
  2550 | D:3      | Noticed Natasha
  2556 | D:3      | Killed Natasha
  2557 | D:3      | Reached XP level 5. HP: 37/37 MP: 1/9
  2615 | D:3      | Noticed Natasha
  2621 | D:3      | Killed Natasha
  2770 | D:3      | Learned a level 3 spell: Dazzling Flash
  2795 | D:3      | Found a glowing golden altar of the Shining One.
  2798 | D:3      | Became a worshipper of the Shining One
  3263 | D:3      | Noticed Natasha
  3276 | D:3      | Killed Natasha
  3277 | D:3      | Reached XP level 6. HP: 43/43 MP: 5/11
  3971 | D:4      | Noticed Menkaure
  4296 | D:5      | Entered Level 5 of the Dungeon
  4416 | D:4      | Learned a level 2 spell: Blink
  4464 | D:5      | Slain by a worm

Illustrated notes

Levels and vault maps discovered:
D:1:      eino_arrival_water_cross, layout_rooms, dk_noncrumbling_4,
          minmay_tetromino_t4
D:2:      layout_basic, uniq_sigmund
D:3:      layout_basic, tso_oasis_becter, uniq_natasha
D:4:      layout_cave_pools, uniq_menkaure
D:5:      layout_cave_pools, minmay_temple_entry_nine_rooms,
          hellmonk_bongcloud_opening

Skill      XL: |  1  2  3  4  5  6 |
---------------+-------------------+-----
Fighting       | 1 |  1.2
Spellcasting   | 3 4 |  4.0
Stealth        | 3 |  3.0
Short Blades   | |  0.6
Dodging        | |  2.7
Conjurations   | |  4.9

Action                   |  1- 3 |  4- 6 || total
-------------------------+-------+-------++-------
Melee: Unarmed           |    10 |       ||    10
       Dagger            |    13 |    48 ||    61
       Punch             |       |     3 ||     3
 Cast: Magic Dart        |    38 |    69 ||   107
       Searing Ray       |     4 |     7 ||    11
  Use: Potion            |     4 |     3 ||     7
       Scroll            |     4 |       ||     4
 Stab: Sleeping          |     3 |       ||     3
Armor: Robe              |    14 |    11 ||    25
Dodge: Dodged            |    34 |    47 ||    81
       Repelled          |       |     2 ||     2
